[Event "WYCC U18 Open 2019"]
[Site "Mumbai"]
[Date "2019.10.10"]
[Round "9.11"]
[White "Bykov, Oleg"]
[Black "Aliyev, Ravan"]
[Result "1/2-1/2"]
[ECO "A43"]
[WhiteElo "2370"]
[BlackElo "2341"]
[Annotator "NA"]
[PlyCount "121"]
[EventDate "2019.10.02"]
[EventType "swiss"]
[EventCountry "IND"]
[SourceTitle "playchess.com"]
[Source "ChessBase"]
[SourceQuality "1"]
[TimeControl "40/5400+30:1800+30"]

1. d4 g6 2. c4 Bg7 3. Nc3 c5 4. d5 Bxc3+ 5. bxc3 f5 6. e4 fxe4 7. f3 d6 8. fxe4 Nf6 9. Bd3 Nbd7 10. Nf3 Ng4 11. O-O O-O 12. h3 Nge5 13. Bh6 Rf7 14. Be2 Nxf3+ 15. gxf3 Nf6 16. Kg2 e5 17. dxe6 Bxe6 18. Qd2 Qd7 19. Rh1 Re8 20. a4 Qc6 21. Rhd1 Qc8 22. h4 Nd7 23. Qxd6 Ne5 24. Kg3 Bxc4 25. Bxc4 Nxc4 26. Qd5 Nb6 27. Qg5 Nd7 28. Rd6 Qc7 29. Rad1 Nf6 30. Kg2 Nh5 31. Rd8 Rfe7 32. Qd5+ Kh8 33. Qd6 Qxd6 34. Rxe8+ Rxe8 35. Rxd6 Kg8 36. Rd7 Rb8 37. e5 a6 38. a5 b6 39. axb6 Rxb6 40. f4 a5 41. Ra7 a4 42. Kf3 Rb3 43. Ke2 c4 44. Rxa4 Ng3+ 45. Kd2 Ne4+ 46. Ke3 Nxc3 47. Ra8+ Kf7 48. Kd4 Ne2+ 49. Kxc4 Rb7 50. Ra6 Ng3 51. e6+ Kf6 52. Bg5+ Kg7 53. e7 Rb8 54. Kd5 h6 55. Rd6 Re8 56. Rd8 Kf7 57. Rxe8 Kxe8 58. Bf6 Nh5 59. Ke5 Kf7 60. Bh8 Kxe7 61. Ke4 1/2-1/2

[Event "WYCC U18 Open 2019"]
[Site "Mumbai"]
[Date "2019.10.10"]
[Round "9.12"]
[White "Sibi Visal R"]
[Black "Gumularz, Szymon"]
[Result "1/2-1/2"]
[ECO "A10"]
[WhiteElo "2064"]
[BlackElo "2505"]
[Annotator "ChessBase"]
[PlyCount "80"]
[EventDate "2019.10.02"]
[EventType "swiss"]
[EventCountry "IND"]
[SourceTitle "playchess.com"]
[Source "ChessBase"]
[SourceQuality "1"]
[TimeControl "40/5400+30:1800+30"]

1. c4 g6 2. Nc3 Bg7 3. g3 Nf6 4. Bg2 O-O 5. Nf3 d6 6. O-O e5 7. d3 Nc6 8. Bg5 h6 9. Bxf6 Bxf6 10. Rb1 Bg7 11. b4 f5 12. b5 Ne7 13. Qc2 g5 14. Nd5 Ng6 15. Nd2 Be6 16. a4 Qd7 17. Nb4 Rab8 18. a5 e4 19. dxe4 f4 20. Nd3 b6 21. a6 g4 22. Nxf4 Nxf4 23. gxf4 Rxf4 24. e3 Rff8 25. f4 gxf3 26. Nxf3 Qe7 27. Nd4 Bd7 28. Kh1 Be5 29. Nf5 Qh7 30. Bh3 Kh8 31. Rg1 Rg8 32. Qf2 Be6 33. Qh4 h5 34. Ne7 Rg4 35. Rxg4 Bxg4 36. Nf5 Bf3+ 37. Bg2 Be2 38. Bf1 Bf3+ 39. Bg2 Be2 40. Bf1 Bf3+ 1/2-1/2

[Event "WYCC U18 Open 2019"]
[Site "Mumbai"]
[Date "2019.10.10"]
[Round "9.13"]
[White "Rahul Srivatshav P"]
[Black "Donoso Diaz, Sebastian"]
[Result "1-0"]
[ECO "A30"]
[WhiteElo "2460"]
[BlackElo "2203"]
[Annotator "ChessBase"]
[PlyCount "49"]
[EventDate "2019.10.02"]
[EventType "swiss"]
[EventCountry "IND"]
[SourceTitle "playchess.com"]
[Source "ChessBase"]
[SourceQuality "1"]
[TimeControl "40/5400+30:1800+30"]

1. c4 c5 2. Nf3 Nc6 3. b3 Nf6 4. Bb2 e6 5. g3 d5 6. cxd5 exd5 7. Bg2 Bg4 8. O-O Bxf3 9. Bxf3 h5 10. h4 Bd6 11. e3 Rh6 12. Nc3 Qe7 13. Nxd5 Nxd5 14. Bxd5 O-O-O 15. Bxc6 bxc6 16. Qf3 Rg6 17. Rac1 Qd7 18. Kg2 Rg4 19. d4 cxd4 20. Rxc6+ Kb8 21. Bxd4 g5 22. Rd1 gxh4 23. Be5 Bxe5 24. Rxd7 Rxd7 25. Qf5 1-0

[Event "WYCC U18 Open 2019"]
[Site "Mumbai"]
[Date "2019.10.10"]
[Round "9.14"]
[White "Vinay Thomas Abraham"]
[Black "Wang, Shixu B"]
[Result "0-1"]
[ECO "B10"]
[WhiteElo "1971"]
[BlackElo "2370"]
[Annotator "ChessBase"]
[PlyCount "86"]
[EventDate "2019.10.02"]
[EventType "swiss"]
[EventCountry "IND"]
[SourceTitle "playchess.com"]
[Source "ChessBase"]
[SourceQuality "1"]
[TimeControl "40/5400+30:1800+30"]

1. e4 c6 2. Nf3 d5 3. exd5 cxd5 4. Ne5 Nf6 5. d4 g6 6. Bd3 Bg7 7. c3 O-O 8. Qe2 Nc6 9. O-O Nxe5 10. dxe5 Nd7 11. f4 Nc5 12. Be3 Nxd3 13. Qxd3 Bf5 14. Qe2 Qc7 15. Nd2 Rfd8 16. Bd4 Bd7 17. Qe3 b6 18. Rae1 Bf5 19. h3 h5 20. Nf3 e6 21. Nd2 Bf8 22. Qe2 h4 23. Nf3 Be7 24. Bf2 Qc4 25. Qxc4 dxc4 26. Rd1 Be4 27. Nxh4 b5 28. Rfe1 Bd5 29. g3 b4 30. Rd2 a5 31. Rc1 a4 32. cxb4 Bxb4 33. Rdd1 a3 34. bxa3 Bxa3 35. Rc2 Rdc8 36. Ng2 Be4 37. Rc3 Bb2 38. Re3 Bxg2 39. Kxg2 c3 40. Ree1 c2 41. Rc1 Bxc1 42. Rxc1 Rab8 43. Kf1 Rb1 0-1

[Event "WYCC U18 Open 2019"]
[Site "Mumbai"]
[Date "2019.10.10"]
[Round "9.15"]
[White "Srijit Paul"]
[Black "Om Kharola"]
[Result "0-1"]
[ECO "A08"]
[WhiteElo "2317"]
[BlackElo "2328"]
[Annotator "NA"]
[PlyCount "92"]
[EventDate "2019.10.02"]
[EventType "swiss"]
[EventCountry "IND"]
[SourceTitle "playchess.com"]
[Source "ChessBase"]
[SourceQuality "1"]
[TimeControl "40/5400+30:1800+30"]

1. e4 c5 2. Nf3 e6 3. d3 Nc6 4. g3 Nf6 5. Bg2 d5 6. Nbd2 Be7 7. O-O O-O 8. Re1 b5 9. c3 a5 10. Nf1 a4 11. Bg5 b4 12. a3 bxc3 13. bxc3 h6 14. Bf4 Bd7 15. e5 Ne8 16. h4 f5 17. exf6 Bxf6 18. Qd2 Na5 19. Rad1 Nb3 20. Qc2 Nc7 21. c4 Be8 22. N1h2 Ra7 23. Bh3 Kh8 24. Be5 Bh5 25. Bg4 Qe8 26. Bxf6 gxf6 27. cxd5 e5 28. Nd2 Bxg4 29. Nxg4 Nd4 30. Qxc5 Ncb5 31. Qb6 Qc8 32. Nxe5 Ra6 33. Ng6+ Kg7 34. Qxa6 Qxa6 35. Nxf8 Kxf8 36. Rc1 Qa5 37. Rc8+ Kf7 38. Rce8 Qxd2 39. R1e7+ Kg6 40. Rg8+ Kh5 41. Kg2 f5 42. Re3 Nc3 43. g4+ fxg4 44. Rf8 Nf3 45. Rfe8 Nxh4+ 46. Kg1 Qd1+ 0-1

[Event "WYCC U18 Open 2019"]
[Site "Mumbai"]
[Date "2019.10.10"]
[Round "9.16"]
[White "Sambarta Banerjee"]
[Black "Vanczak, Tamas"]
[Result "1/2-1/2"]
[ECO "E32"]
[WhiteElo "1859"]
[BlackElo "2327"]
[Annotator "ChessBase"]
[PlyCount "67"]
[EventDate "2019.10.02"]
[EventType "swiss"]
[EventCountry "IND"]
[SourceTitle "playchess.com"]
[Source "ChessBase"]
[SourceQuality "1"]
[TimeControl "40/5400+30:1800+30"]

1. d4 Nf6 2. c4 e6 3. Nc3 Bb4 4. Qc2 d6 5. Nf3 Nbd7 6. g3 O-O 7. Bg2 e5 8. O-O Re8 9. dxe5 dxe5 10. Bg5 h6 11. Bxf6 Nxf6 12. Rad1 Qe7 13. a3 Bxc3 14. Qxc3 e4 15. Nd4 c6 16. Nc2 Bg4 17. Rd2 Rad8 18. Ne3 Rxd2 19. Qxd2 Rd8 20. Qc2 Bh5 21. Rd1 Rxd1+ 22. Qxd1 Qe5 23. Qd2 Ng4 24. Nxg4 Bxg4 25. e3 Be6 26. Qd8+ Kh7 27. Qd4 Qxd4 28. exd4 Bxc4 29. Bxe4+ g6 30. f4 f5 31. Bf3 Kg7 32. Kf2 Kf6 33. Ke3 Ke6 34. Bd1 {[%emt 0:00:57] Ke5 Ke4+} 1/2-1/2

[Event "WYCC U18 Open 2019"]
[Site "Mumbai"]
[Date "2019.10.11"]
[Round "10.1"]
[White "Praggnanandhaa R"]
[Black "Pultinevicius, Paulius"]
[Result "1-0"]
[ECO "B12"]
[WhiteElo "2567"]
[BlackElo "2503"]
[Annotator "ChessBase"]
[PlyCount "125"]
[EventDate "2019.10.02"]
[EventType "swiss"]
[EventCountry "IND"]
[SourceTitle "playchess.com"]
[Source "ChessBase"]
[SourceQuality "1"]
[TimeControl "40/5400+30:1800+30"]

1. e4 c6 2. d4 d5 3. e5 Bf5 4. Nd2 e6 5. Nb3 Nd7 6. Nf3 c5 7. dxc5 Bxc5 8. Nxc5 Nxc5 9. Nd4 Ne7 10. Bb5+ Nd7 11. f4 Be4 12. O-O O-O 13. Be3 Rc8 14. Bf2 a6 15. Be2 Nc5 16. c3 b5 17. Nb3 Na4 18. Qd2 Nf5 19. Nd4 Qd7 20. Rac1 Rc7 21. b3 Nc5 22. Rfd1 Rfc8 23. Qb2 Rb8 24. Qa3 Qc8 25. Bf1 Ne7 26. c4 dxc4 27. bxc4 b4 28. Qa5 Nd7 29. Nb3 h6 30. c5 Bb7 31. Rd6 Nc6 32. Qa4 g5 33. Na5 Nxa5 34. Qxa5 gxf4 35. c6 Bxc6 36. Bxa6 Ra8 37. Bxc8 Rxa5 38. Bxd7 Rxd7 39. Rcxc6 Rb7 40. Ra6 Rxe5 41. Rab6 Rxb6 42. Rxb6 Ra5 43. Rxb4 Rxa2 44. Bd4 Ra5 45. Bf6 Rf5 46. Bb2 Kh7 47. Re4 Kg6 48. Be5 Kg5 49. Bd6 f3 50. g3 Rd5 51. Be7+ Kg6 52. Rg4+ Kh5 53. Rg7 f5 54. h3 Rd4 55. Kf2 e5 56. Kxf3 Rd3+ 57. Ke2 Rd4 58. Bf6 Ra4 59. Kd3 Rd4+ 60. Kc3 Re4 61. Rg8 Ra4 62. Bxe5 Ra1 63. Rh8 1-0

[Event "WYCC U18 Open 2019"]
[Site "Mumbai"]
[Date "2019.10.11"]
[Round "10.2"]
[White "Mitrabha, Guha"]
[Black "Sargsyan, Shant"]
[Result "0-1"]
[ECO "E67"]
[WhiteElo "2434"]
[BlackElo "2580"]
[Annotator "ChessBase"]
[PlyCount "90"]
[EventDate "2019.10.02"]
[EventType "swiss"]
[EventCountry "IND"]
[SourceTitle "playchess.com"]
[Source "ChessBase"]
[SourceQuality "1"]
[TimeControl "40/5400+30:1800+30"]

1. d4 Nf6 2. c4 g6 3. g3 Bg7 4. Bg2 O-O 5. Nf3 d6 6. Nc3 Nbd7 7. O-O e5 8. Qc2 Re8 9. Rd1 c6 10. e4 exd4 11. Nxd4 Ne5 12. c5 d5 13. exd5 Nxd5 14. Nxd5 cxd5 15. h3 Be6 16. Bf4 Rc8 17. Rac1 Qd7 18. Kh2 Nc6 19. Be3 Ne5 20. b3 a6 21. Qd2 Qe7 22. Re1 Nc6 23. b4 Qd7 24. a3 Rcd8 25. Rcd1 Bf5 26. Nxf5 Qxf5 27. Bf4 Rxe1 28. Rxe1 h5 29. Bc7 Rc8 30. Bd6 d4 31. Be4 Qd7 32. Bd5 Re8 33. Kg2 Bf8 34. Rxe8 Qxe8 35. Qg5 Kg7 36. Bf4 Kh7 37. Qf6 Bg7 38. Qxf7 Qxf7 39. Bxf7 d3 40. Bd5 Bb2 41. a4 Bc3 42. b5 axb5 43. axb5 d2 44. bxc6 d1=Q 45. Bf3 Qc2 0-1

[Event "WYCC U18 Open 2019"]
[Site "Mumbai"]
[Date "2019.10.11"]
[Round "10.3"]
[White "Om Kharola"]
[Black "Iniyan, P."]
[Result "1/2-1/2"]
[ECO "B90"]
[WhiteElo "2328"]
[BlackElo "2509"]
[Annotator "RC"]
[PlyCount "87"]
[EventDate "2019.10.02"]
[EventType "swiss"]
[EventCountry "IND"]
[SourceTitle "playchess.com"]
[Source "ChessBase"]
[SourceQuality "1"]
[TimeControl "40/5400+30:1800+30"]

1. e4 c5 2. Nf3 d6 3. d4 cxd4 4. Nxd4 Nf6 5. Nc3 a6 6. h3 e6 7. g4 h6 8. Bg2 g5 9. Be3 Nbd7 10. Qe2 Ne5 11. O-O-O b5 12. f4 gxf4 13. Bxf4 Nfd7 14. Qf2 Qc7 15. Nce2 Bb7 16. Kb1 Nc5 17. Ng3 O-O-O 18. Nb3 Ncd7 19. Bd2 Nb6 20. Ba5 Nec4 21. Rhf1 Bg7 22. Bxb6 Nxb6 23. Qxf7 Qxf7 24. Rxf7 Be5 25. Na5 Ba8 26. Ne2 Na4 27. c3 Nc5 28. Nd4 Rd7 29. Rf2 Bxe4+ 30. Bxe4 Nxe4 31. Re2 d5 32. Nac6 Bxd4 33. cxd4 Rf8 34. Rc1 Kb7 35. Rec2 Rf2 36. Na5+ Kb6 37. b4 Rxc2 38. Rxc2 Rc7 39. Nb3 Rxc2 40. Kxc2 Nf2 41. Nc5 Nxh3 42. Nxe6 Nf2 43. g5 hxg5 44. Nxg5 1/2-1/2

[Event "WYCC U18 Open 2019"]
[Site "Mumbai"]
[Date "2019.10.11"]
[Round "10.4"]
[White "Zarubitski, Viachaslau"]
[Black "Arjun Kalyan"]
[Result "0-1"]
[ECO "B30"]
[WhiteElo "2435"]
[BlackElo "2483"]
[Annotator "RC"]
[PlyCount "102"]
[EventDate "2019.10.02"]
[EventType "swiss"]
[EventCountry "IND"]
[SourceTitle "playchess.com"]
[Source "ChessBase"]
[SourceQuality "1"]
[TimeControl "40/5400+30:1800+30"]

1. e4 c5 2. Nf3 Nc6 3. c3 d5 4. exd5 Qxd5 5. d4 Bf5 6. Be3 Nf6 7. Na3 cxd4 8. Nb5 O-O-O 9. Nfxd4 Ng4 10. Qe2 Nxe3 11. Qxe3 Nxd4 12. Nxd4 e6 13. Nb3 Qe4 14. Be2 Qxe3 15. fxe3 e5 16. Rf1 Be6 17. Rd1 Be7 18. Kf2 Kc7 19. Rxd8 Rxd8 20. Rd1 Rxd1 21. Bxd1 f5 22. Nc1 Kd6 23. Bb3 Bd7 24. Ne2 Bd8 25. Bg8 h5 26. e4 Bb6+ 27. Ke1 f4 28. Bf7 Bc6 29. Bxh5 Bxe4 30. Bf3 Bc6 31. Bxc6 bxc6 32. Kd2 Kd5 33. b3 Be3+ 34. Kc2 e4 35. a4 Ke5 36. b4 g5 37. h3 c5 38. Kb3 f3 39. gxf3 exf3 40. Ng3 Kf4 41. Nf1 f2 42. b5 Kf3 43. a5 Ke2 44. Ng3+ Ke1 45. a6 Bf4 46. b6 axb6 47. a7 Bxg3 48. a8=Q f1=Q 49. Qe4+ Qe2 50. Qh1+ Kf2 51. Qd5 Bf4 0-1

[Event "WYCC U18 Open 2019"]
[Site "Mumbai"]
[Date "2019.10.11"]
[Round "10.5"]
[White "Blohberger, Felix"]
[Black "Davtyan, Artur"]
[Result "0-1"]
[ECO "C70"]
[WhiteElo "2448"]
[BlackElo "2418"]
[Annotator "NA"]
[PlyCount "210"]
[EventDate "2019.10.02"]
[EventType "swiss"]
[EventCountry "IND"]
[SourceTitle "playchess.com"]
[Source "ChessBase"]
[SourceQuality "1"]
[TimeControl "40/5400+30:1800+30"]

1. e4 e5 2. Nf3 Nc6 3. Bb5 a6 4. Ba4 g6 5. d4 exd4 6. Nxd4 Bg7 7. Nxc6 bxc6 8. Nc3 Ne7 9. Bb3 O-O 10. O-O d6 11. Be3 c5 12. Qd2 Be6 13. Bxe6 fxe6 14. Rad1 Qb8 15. Na4 Rf7 16. b3 Nc6 17. f3 Qb5 18. Nc3 Qa5 19. Na4 Qxd2 20. Rxd2 h6 21. Rb1 Kh7 22. c3 g5 23. Rc2 Rb8 24. Nb2 Ne5 25. Nd1 Kg6 26. Nf2 h5 27. Rd1 Rbf8 28. b4 c4 29. a4 Nd7 30. b5 axb5 31. axb5 Rb8 32. Rb1 Be5 33. Rcc1 Nb6 34. Ra1 d5 35. Ra6 Rd7 36. g3 Rf7 37. Kg2 Rf6 38. Nh3 g4 39. fxg4 dxe4 40. gxh5+ Kxh5 41. Bxb6 cxb6 42. Re1 Rd8 43. Ra2 Bxc3 44. Rxe4 Rd4 45. Nf4+ Kh6 46. Rxd4 Bxd4 47. Ra4 e5 48. Rxc4 Kg5 49. h4+ Kg4 50. Nd3 Kf5 51. Nf2 Rf8 52. Rc7 Ra8 53. g4+ Ke6 54. Ne4 Ra2+ 55. Kf3 Ra3+ 56. Kg2 Ra2+ 57. Kf1 Rb2 58. Rc6+ Kd7 59. h5 Rxb5 60. Rd6+ Ke7 61. h6 Rb1+ 62. Kg2 Rg1+ 63. Kf3 Rf1+ 64. Kg3 Rg1+ 65. Kf3 Rf1+ 66. Ke2 Rf4 67. h7 Rxe4+ 68. Kd1 Rxg4 69. h8=Q Rg1+ 70. Kd2 Kxd6 71. Qf8+ Kd5 72. Qf7+ Kc5 73. Qe7+ Kb5 74. Qe8+ Kb4 75. Qe7+ Kb3 76. Qe6+ Kb2 77. Qc6 Rg3 78. Qc2+ Ka3 79. Qc4 Rc3 80. Qd5 Rc5 81. Qa8+ Kb2 82. Qa4 Bc3+ 83. Kd3 Rd5+ 84. Ke3 b5 85. Qa6 b4 86. Qe2+ Rd2 87. Qc4 Rd4 88. Qb5 b3 89. Qa6 Kc2 90. Qg6+ e4 91. Qg2+ Kc1 92. Qf1+ Rd1 93. Qa6 b2 94. Qa3 Rd3+ 95. Kxe4 Rd4+ 96. Ke3 Kc2 97. Qa2 Rh4 98. Kf3 Bd2 99. Ke2 Re4+ 100. Kf2 Rf4+ 101. Ke2 Rd4 102. Kf2 Re4 103. Kf1 Re3 104. Qa4+ Kc1 105. Qc4+ Rc3 0-1

[Event "WYCC U18 Open 2019"]
[Site "Mumbai"]
[Date "2019.10.11"]
[Round "10.6"]
[White "Buckels, Valentin"]
[Black "Zhalmakhanov, Ramazan"]
[Result "1-0"]
[ECO "E06"]
[WhiteElo "2442"]
[BlackElo "2374"]
[Annotator "NA RC"]
[PlyCount "101"]
[EventDate "2019.10.02"]
[EventType "swiss"]
[EventCountry "IND"]
[SourceTitle "playchess.com"]
[Source "ChessBase"]
[SourceQuality "1"]
[TimeControl "40/5400+30:1800+30"]

1. d4 Nf6 2. c4 e6 3. g3 d5 4. Nf3 Be7 5. Bg2 O-O 6. Nc3 dxc4 7. Ne5 c5 8. dxc5 Qxd1+ 9. Nxd1 Bxc5 10. Nc3 Rd8 11. O-O Nc6 12. Nxc6 bxc6 13. Bxc6 Rb8 14. Bf4 Bd6 $16 (14... Rb4 $1 $14) 15. Rfd1 Rb6 16. Bxd6 Rxc6 17. Bc5 Nd5 18. Bxa7 Rcd6 19. Bc5 R6d7 20. Nxd5 Rxd5 21. Rxd5 Rxd5 22. Bb4 f6 23. f3 Kf7 24. Kf2 e5 25. h4 Rb5 26. Bc3 Rd5 27. a4 Ke6 28. a5 Ba6 29. g4 Rd7 30. Ke3 Bb5 31. Rf1 h6 32. h5 Kf7 33. Kf2 Ke6 34. Ra1 Kf7 35. Ke3 Rd6 36. Bb4 Rd7 37. Bc5 Ba6 38. Rc1 Ke6 39. Bb4 Rb7 40. Bc3 Rd7 41. Kf2 Bb7 42. Ra1 Ba6 43. e3 Rd5 44. f4 exf4 45. exf4 Kf7 46. Re1 Rd7 47. f5 Bb5 48. Re6 Rb7 49. Ke3 Ba4 50. a6 Rd7 51. Bd4 1-0

[Event "WYCC U18 Open 2019"]
[Site "Mumbai"]
[Date "2019.10.11"]
[Round "10.8"]
[White "Gholami, Aryan"]
[Black "Aditya Mittal"]
[Result "1-0"]
[ECO "D02"]
[WhiteElo "2554"]
[BlackElo "2430"]
[Annotator "ChessBase"]
[PlyCount "80"]
[EventDate "2019.10.02"]
[EventType "swiss"]
[EventCountry "IND"]
[SourceTitle "playchess.com"]
[Source "ChessBase"]
[SourceQuality "1"]
[TimeControl "40/5400+30:1800+30"]

1. d4 d5 2. Nf3 Nf6 3. Bf4 c5 4. e3 Nc6 5. Nbd2 e6 6. c3 cxd4 7. exd4 Nh5 8. Be3 Bd6 9. Ne5 g6 10. Nd3 O-O 11. Be2 Ng7 12. Bf4 f6 13. Bxd6 Qxd6 14. Qb3 e5 15. O-O exd4 16. Bf3 Be6 17. Qxb7 Rab8 18. Qa6 Rb6 19. Qa4 Bf5 20. Nb4 Nxb4 21. cxb4 Rxb4 22. Qxa7 d3 23. Qa5 Rxb2 24. Bxd5+ Kh8 25. Nc4 Qb4 26. Qa7 Qb8 27. Qd4 Re2 28. Ne3 Rd8 29. Rfb1 Qd6 30. Rb6 Qc7 31. Rxf6 d2 32. Rf1 Re1 33. Qxd2 Rxf1+ 34. Kxf1 Qe5 35. Rc6 Qxh2 36. Qc3 Qh1+ 37. Ke2 Qb1 38. Rc7 Bd7 39. Rb7 Bb5+ 40. Kf3 Rf8+ {[%emt 0:00:48] Ke4} 1-0

[Event "WYCC U18 Open 2019"]
[Site "Mumbai"]
[Date "2019.10.11"]
[Round "10.9"]
[White "Aliyev, Ravan"]
[Black "Rahul Srivatshav P"]
[Result "0-1"]
[ECO "E61"]
[WhiteElo "2341"]
[BlackElo "2460"]
[Annotator "ChessBase"]
[PlyCount "46"]
[EventDate "2019.10.02"]
[EventType "swiss"]
[EventCountry "IND"]
[SourceTitle "playchess.com"]
[Source "ChessBase"]
[SourceQuality "1"]
[TimeControl "40/5400+30:1800+30"]

1. d4 Nf6 2. c4 g6 3. Nc3 Bg7 4. Nf3 O-O 5. Bg5 c5 6. e3 cxd4 7. exd4 d5 8. Be2 dxc4 9. Bxc4 Bg4 10. O-O Nc6 11. d5 Bxf3 12. Qxf3 Ne5 13. Qe2 Nxc4 14. Qxc4 Qd7 15. Rad1 Rac8 16. Qb4 h6 17. Bh4 b6 18. d6 exd6 19. Rxd6 Qg4 20. Rd4 Qf5 21. Bxf6 Bxf6 22. Nd5 Rfd8 23. Rfd1 Rxd5 0-1

[Event "WYCC U18 Open 2019"]
[Site "Mumbai"]
[Date "2019.10.11"]
[Round "10.10"]
[White "Stoleriu, George"]
[Black "Bykov, Oleg"]
[Result "0-1"]
[ECO "B20"]
[WhiteElo "2351"]
[BlackElo "2370"]
[Annotator "NA"]
[PlyCount "96"]
[EventDate "2019.10.02"]
[EventType "swiss"]
[EventCountry "IND"]
[SourceTitle "playchess.com"]
[Source "ChessBase"]
[SourceQuality "1"]
[TimeControl "40/5400+30:1800+30"]

1. e4 c5 2. Be2 Nc6 3. f4 e6 4. Nf3 d5 5. d3 g6 6. O-O Bg7 7. c3 Nge7 8. a4 O-O 9. Na3 b6 10. Kh1 Bb7 11. e5 d4 12. Nc4 Rb8 13. Nd6 Ba8 14. c4 f6 15. exf6 Bxf6 16. Ne4 Bg7 17. Nfg5 Qc8 18. Bg4 Nf5 19. Qe2 h6 20. Nf3 Qc7 21. Bd2 Rbe8 22. Rae1 Ne3 23. Bxe3 dxe3 24. Qxe3 Rxf4 25. Bh3 Nb4 26. Nfd2 g5 27. Rxf4 Qxf4 28. Qe2 Qe5 29. Qh5 Rf8 30. Nf3 Qf4 31. Nexg5 Nxd3 32. Bxe6+ Kh8 33. Qg6 Be4 34. Nf7+ Rxf7 35. Qxf7 Qxf7 36. Bxf7 Nxe1 37. Nxe1 Bxb2 38. Kg1 Bc6 39. Kf2 Bxa4 40. Bd5 Bb3 41. Nd3 Bd4+ 42. Kf3 b5 43. Ke4 bxc4 44. Nc1 Bc2+ 45. Kf3 Bb2 46. Ne2 c3 47. Ke3 Bd1 48. Be4 c2 {[%emt 0:00:39] Kd4} 0-1

[Event "WYCC U18 Open 2019"]
[Site "Mumbai"]
[Date "2019.10.11"]
[Round "10.11"]
[White "Wang, Shixu B"]
[Black "Sibi Visal R"]
[Result "1-0"]
[ECO "D58"]
[WhiteElo "2370"]
[BlackElo "2064"]
[Annotator "NA"]
[PlyCount "113"]
[EventDate "2019.10.02"]
[EventType "swiss"]
[EventCountry "IND"]
[SourceTitle "playchess.com"]
[Source "ChessBase"]
[SourceQuality "1"]
[TimeControl "40/5400+30:1800+30"]

1. d4 Nf6 2. c4 e6 3. Nf3 d5 4. Nc3 Be7 5. Bg5 O-O 6. e3 h6 7. Bh4 b6 8. Be2 Bb7 9. Bxf6 Bxf6 10. cxd5 exd5 11. b4 c5 12. bxc5 bxc5 13. Rb1 Bc6 14. O-O Nd7 15. Bb5 Bxb5 16. Rxb5 a6 17. Rb3 cxd4 18. Nxd4 Nc5 19. Ra3 Ne4 20. Nxe4 dxe4 21. Ra4 Qd7 22. Ne2 Qc6 23. Ng3 Rfe8 24. Qb3 Be5 25. Rxe4 Bxg3 26. Rxe8+ Rxe8 27. hxg3 Rd8 28. Rd1 Rxd1+ 29. Qxd1 g6 30. a4 Qc4 31. Qd8+ Kh7 32. Qd4 Qe2 33. e4 h5 34. e5 Qe1+ 35. Kh2 Qe2 36. Qf4 Kg8 37. Kh3 Qd1 38. Kh4 Qd7 39. Kg5 Kh7 40. a5 Qe6 41. f3 Qe7+ 42. Qf6 Qd7 43. Kh4 Qd5 44. Qe7 Kh6 45. Qf8+ Kh7 46. Qe8 Kg7 47. Qe7 Kh6 48. Qg5+ Kg7 49. Qf6+ Kh7 50. Qf4 Qe6 51. Qf6 Qd5 52. g4 hxg4 53. Kxg4 Qd4+ 54. Kg3 Qc4 55. Qh4+ Qxh4+ 56. Kxh4 Kh6 57. f4 1-0

[Event "WYCC U18 Open 2019"]
[Site "Mumbai"]
[Date "2019.10.11"]
[Round "10.12"]
[White "Gumularz, Szymon"]
[Black "Stijve, Theo"]
[Result "1-0"]
[ECO "B49"]
[WhiteElo "2505"]
[BlackElo "2293"]
[Annotator "ChessBase"]
[PlyCount "67"]
[EventDate "2019.10.02"]
[EventType "swiss"]
[EventCountry "IND"]
[SourceTitle "playchess.com"]
[Source "ChessBase"]
[SourceQuality "1"]
[TimeControl "40/5400+30:1800+30"]

1. e4 c5 2. Nf3 e6 3. d4 cxd4 4. Nxd4 Nc6 5. Nc3 Qc7 6. Be3 a6 7. Be2 Nf6 8. O-O Bb4 9. Na4 O-O 10. c4 Be7 11. Nc3 b6 12. Rc1 Bb7 13. f3 Rfd8 14. Nb3 d5 15. cxd5 exd5 16. exd5 Bb4 17. Bd3 Ne5 18. Ne4 Qe7 19. Nxf6+ Qxf6 20. Be4 Qd6 21. a3 Ba5 22. Nd4 b5 23. Nf5 Qf6 24. d6 Rd7 25. Bxb7 Rxb7 26. Qd5 Qxf5 27. Qxb7 Rd8 28. b4 Rd7 29. Rc8+ Bd8 30. Qa8 Qf6 31. Bb6 Nd3 32. Rxd8+ Rxd8 33. Qb8 Rc8 34. Qxc8+ 1-0

[Event "WYCC U18 Open 2019"]
[Site "Mumbai"]
[Date "2019.10.11"]
[Round "10.13"]
[White "Raghunandan, Kaumandur Srihari"]
[Black "Omorjan, Dejan"]
[Result "1-0"]
[ECO "B12"]
[WhiteElo "2449"]
[BlackElo "2252"]
[Annotator "NA"]
[PlyCount "91"]
[EventDate "2019.10.02"]
[EventType "swiss"]
[EventCountry "IND"]
[SourceTitle "playchess.com"]
[Source "ChessBase"]
[SourceQuality "1"]
[TimeControl "40/5400+30:1800+30"]

1. e4 c6 2. d4 d5 3. e5 Bf5 4. Nd2 e6 5. Nb3 Nd7 6. Nf3 Ne7 7. Be2 Nc8 8. a4 Be7 9. O-O O-O 10. Be3 Bg4 11. Ne1 Bxe2 12. Qxe2 Ncb6 13. Nd2 a5 14. Nd3 Rc8 15. Qg4 f5 16. exf6 Rxf6 17. Nf4 Nf8 18. Nf3 Nc4 19. Ne5 Nxe5 20. dxe5 Rf7 21. c4 d4 22. Rad1 c5 23. Bc1 Qd7 24. b3 Rf5 25. Rfe1 Bd8 26. Nd3 b6 27. Qe4 h5 28. g3 Qc6 29. f4 Qxe4 30. Rxe4 Nh7 31. h3 g5 32. Rf1 gxf4 33. Rexf4 Rg5 34. Kh2 Bc7 35. Rh4 Rg7 36. Rxh5 Rf8 37. Rxf8+ Nxf8 38. Rg5 Ng6 39. h4 Kh7 40. h5 Nxe5 41. Rxe5 Bxe5 42. Nxe5 Rg8 43. Kg2 Rd8 44. g4 d3 45. Bd2 Rd4 46. Kf3 1-0

[Event "WYCC U18 Open 2019"]
[Site "Mumbai"]
[Date "2019.10.11"]
[Round "10.15"]
[White "Beukema, Jasper"]
[Black "Kozak, Antoni"]
[Result "0-1"]
[ECO "D20"]
[WhiteElo "2265"]
[BlackElo "2354"]
[Annotator "NA"]
[PlyCount "54"]
[EventDate "2019.10.02"]
[EventType "swiss"]
[EventCountry "IND"]
[SourceTitle "playchess.com"]
[Source "ChessBase"]
[SourceQuality "1"]
[TimeControl "40/5400+30:1800+30"]

1. d4 d5 2. c4 dxc4 3. Nc3 a6 4. a4 Nc6 5. Nf3 Bg4 6. e3 Na5 7. h3 Bxf3 8. Qxf3 Nf6 9. Bd2 e6 10. Rd1 Bb4 11. g4 c6 12. Bg2 O-O 13. O-O Qe7 14. e4 e5 15. d5 Nb3 16. dxc6 Nd4 17. Qe3 bxc6 18. Kh1 Nd7 19. f4 Bc5 20. Qg3 Rab8 21. Rb1 Nb3 22. Rfd1 Nxd2 23. Rxd2 exf4 24. Qxf4 Ne5 25. Bf1 Rb3 26. Rc1 Rfb8 27. Nd1 Rf3 0-1

[Event "WYCC U18 Open 2019"]
[Site "Mumbai"]
[Date "2019.10.11"]
[Round "10.16"]
[White "Chylewski, Patryk"]
[Black "Panesar Vedant"]
[Result "1/2-1/2"]
[ECO "D38"]
[WhiteElo "2348"]
[BlackElo "2219"]
[Annotator "NA"]
[PlyCount "99"]
[EventDate "2019.10.02"]
[EventType "swiss"]
[EventCountry "IND"]
[SourceTitle "playchess.com"]
[Source "ChessBase"]
[SourceQuality "1"]
[TimeControl "40/5400+30:1800+30"]

1. d4 Nf6 2. c4 e6 3. Nf3 d5 4. Nc3 Bb4 5. Qb3 c5 6. dxc5 Nc6 7. Bg5 h6 8. Bxf6 Qxf6 9. cxd5 exd5 10. e3 Be6 11. Bb5 Bxc5 12. O-O O-O 13. Qa4 Ne5 14. Be2 Rad8 15. Rad1 Nxf3+ 16. Bxf3 Qe5 17. Ne2 Qxb2 18. Rb1 Qe5 19. Rxb7 Rb8 20. Rxb8 Rxb8 21. Rd1 Rb2 22. Qa5 Bb6 23. Qa3 Rc2 24. Qb3 Qb2 25. Qxb2 Rxb2 26. a4 Rb4 27. Ra1 Bd7 28. Nc3 d4 29. Nd5 Rxa4 30. Rxa4 Bxa4 31. Nxb6 axb6 32. exd4 Bb5 33. Bd5 Kf8 34. f4 Ke7 35. Kf2 f6 36. Ke3 Kd6 37. Bg8 Bc6 38. g3 Bd5 39. Bh7 b5 40. Kd2 b4 41. Bd3 Be6 42. Be4 Bd5 43. Bd3 g5 44. fxg5 fxg5 45. Kc2 Kc6 46. Kb2 Bf7 47. Be4+ Kb5 48. Bd3+ Bc4 49. Be4 Be2 50. Bd5 1/2-1/2